 Dungeon Crawl Stone Soup version 0.30-a0-883-g5ad918d77d (webtiles) character file.

Game seed: 9563817348610793679

1339 bobarctor the Magician (level 8, -5/52 HPs)
             Began as a Demonspawn Necromancer on Mar 17, 2023.
             Was a Follower of Kikubaaqudgha.
             Killed by divine providence
             ... invoked by an orc priest
              (14 damage)
             ... on level 6 of the Dungeon.
             The game lasted 00:37:20 (7104 turns).

bobarctor the Magician (Demonspawn Necromancer)     Turns: 7104, Time: 00:37:21

Health: -5/52      AC: 13    Str:  9    XL:     8   Next: 35%
Magic:  9/19       EV: 11    Int: 19    God:    Kikubaaqudgha [*.....]
Gold:   334        SH:  5    Dex: 13    Spells: 6/22 levels left

rFire   . . .      SeeInvis .    w - +4 dagger (venom)
rCold   . . .      Faith    .    (no shield)
rNeg    . . .      Spirit   .    v - +0 leather armour {rPois}
rPois   +          Reflect  +    B - +2 hat
rElec   .          Rampage  .    (no cloak)
rCorr   .                        l - +0 pair of gloves
Will    .....                    u - +0 pair of boots
Stlth   ++                       j - amulet of reflection
HPRegen 0.28/turn                (no ring)
MPRegen 0.16/turn                (no ring)

@: sanguine armoured
A: sanguine armour 1
a: Renounce Religion, Unearth Wretches


You were on level 6 of the Dungeon.
You worshipped Kikubaaqudgha.
Kikubaaqudgha was aware of your devotion.
You visited 2 branches of the dungeon, and saw 7 of its levels.

You collected 400 gold pieces.
You spent 66 gold pieces at shops.

Inventory:

Hand Weapons
 w - a +4 dagger of venom (weapon)
 C - a +3 whip of freezing
Armour
 l - a +0 pair of gloves (worn)
 u - a +0 pair of boots (worn)
 v - a +0 leather armour of poison resistance (worn)
 B - a +2 hat (worn)
Magical Staves
 n - a staff of earth
Jewellery
 g - an amulet of guardian spirit
 j - an amulet of reflection (around neck)
 E - a +4 ring of protection
Wands
 s - a wand of iceblast (38)
 F - a wand of mindburst (5)
Scrolls
 c - 3 scrolls of enchant armour {unknown}
 e - a scroll of magic mapping {unknown}
 f - 6 scrolls of identify {unknown}
 i - 2 scrolls of enchant weapon {unknown}
 m - 2 scrolls of torment {unknown}
 t - a scroll of silence {unknown}
 x - a scroll of fear {unknown}
 y - a scroll of teleportation {unknown}
 z - a scroll of brand weapon {unknown}
 D - 2 scrolls of noise {unknown}
 G - a scroll of blinking {unknown}
Potions
 a - a potion of invisibility {unknown}
 b - a potion of magic
 d - a potion of brilliance {unknown}
 h - a potion of mutation {unknown}
 k - a potion of might {unknown}
 o - a potion of curing {unknown}
 p - 4 potions of berserk rage {unknown}
 q - a potion of resistance {unknown}
 r - 4 potions of heal wounds {unknown}
 A - a potion of ambrosia {unknown}


   Skills:
 + Level 2.2 Dodging
 + Level 2.5 Stealth
 + Level 0.7 Shields
 * Level 7.9 Spellcasting
 + Level 7.1 Necromancy
 * Level 0.9 Translocations


You had 6 spell levels left.
You knew the following spells:

 Your Spells              Type           Power      Damage    Failure   Level
a - Necrotise             Necr           100%       1d9       1%          1
b - Vampiric Draining     Necr           34%        2d8       1%          3
c - Agony                 Necr           34%        N/A       19%         5
d - Kiss of Death         Conj/Necr      84%        2d11      3%          1
e - Animate Dead          Necr           34%        N/A       7%          4
f - Lesser Beckoning      Tloc           22%        N/A       14%         2

Your spell library contained the following spells:

 Spells                   Type           Power      Damage    Failure   Level
 Gell's Gravitas          Tloc           11%        N/A       26%         3
 Teleport Other           Tloc           11%        N/A       26%         3


Dungeon Overview and Level Annotations

Branches:
Dungeon (6/15)             Temple (1/1) D:5

Altars:
Fedhas
Hepliaklqana
Kikubaaqudgha
Makhleb
Sif Muna

Shops:
D:4 [

Annotations:
D:3 3 runed translucent doors, Pimp's ghost, amateur OpFE


Innate Abilities, Weirdness & Mutations

When seriously injured, your blood forms armour. (AC +6)


Message History

Aiming: Necrotise (safe; 1% risk of failure)
Press: ? - help, Shift-Dir - straight line, f/p - orc priest
Aim: an orc priest, wielding a +0 dagger and wearing a +0 leather armour (chance to affect: 83%)
The orc warrior writhes in agony.
The orc warrior closely misses you.
The orc priest calls down the wrath of Beogh upon you.
Beogh smites you!
Your blood congeals into armour.
Casting: Necrotise (safe; 1% risk of failure)
Confirm with . or Enter, or press ? or * to list all spells.
Aiming: Vampiric Draining (safe; 1% risk of failure)
Press: ? - help, Shift-Dir - straight line, f - orc warrior, p - orc priest
Aim: an orc warrior, wielding a +0 war axe and wearing a +0 chain mail (lightly wounded)
You draw life force from the orc warrior.
You feel life coursing into your body.
The orc warrior hits you but does no damage.
The orc priest calls upon Beogh to heal the orc warrior.
The orc warrior's wounds heal themselves!
Casting: Vampiric Draining (safe; 1% risk of failure)
Confirm with . or Enter, or press ? or * to list all spells.
Aiming: Vampiric Draining (safe; 1% risk of failure)
Press: ? - help, Shift-Dir - straight line, f/p - orc warrior
Aim: an orc warrior, wielding a +0 war axe and wearing a +0 chain mail You draw life force from the orc warrior!
You feel life coursing into your body.
Your blood armour dries and flakes away.
The orc warrior closely misses you.
The orc priest mumbles some strange prayers to Beogh against you.
Beogh smites you!
Your blood congeals into armour.
Casting: Vampiric Draining (safe; 1% risk of failure)
Confirm with . or Enter, or press ? or * to list all spells.
Aiming: Vampiric Draining (safe; 1% risk of failure)
Press: ? - help, Shift-Dir - straight line, f/p - orc warrior
Aim: an orc warrior, wielding a +0 war axe and wearing a +0 chain mail (moderately wounded)
You draw life force from the orc warrior.
You feel life coursing into your body.
The orc warrior hits you with a +0 war axe!
* * * LOW HITPOINT WARNING * * *
The orc priest invokes the aid of Beogh against you.
Beogh smites you!
You die...
Kikubaaqudgha rasps: "You have failed me!
Welcome... death!"

...# ..## #.
####.## ##
##.##..#
##...###...##.#
+.....'...o.o.#
###...###...##o#
##.## ##.###@#
##...## ####..#
#.....# #...##
'.....+ +.###
#.....# #.#
##...### #.#
.##.##.## ###.#
..#'#...###...#
⌠..'..⌠..+..###


You could see an orc warrior and an orc priest.

Vanquished Creatures
  A hornet (D:5)
  An ice beast (D:5)
  A black bear (D:6)
  An ogre (D:5)
  A centaur (D:5)
  A bullfrog (D:6)
  A gnoll sergeant (D:6)
  A scorpion (D:5)
  2 jellies (D:5)
  A hound (D:5)
  A gnoll bouda (D:3)
  Ijyb (D:3)
  3 orc wizards
  Natasha (D:3)
  3 iguanas (D:5)
  8 gnolls
  9 adders
  A white imp (D:6)
  5 dart slugs
  17 orcs
  6 bats
  11 endoplasms
  4 giant cockroaches
  3 goblins
  5 hobgoblins
  6 jackals
  9 kobolds
  A quokka (D:3)
  5 ball pythons
  6 frilled lizards
  6 rats
122 creatures vanquished.

Vanquished Creatures (collateral kills)
  A quokka (D:3)
  A ball python (D:1)
  A rat (D:2)
3 creatures vanquished.

Vanquished Creatures (others)
  6 fungi (D:2)
  6 plants
  A withered plant (D:3)
13 creatures vanquished.

Grand Total: 138 creatures vanquished

Notes
Turn   | Place    | Note
-------+----------+-------------------------------------------
     0 | D:1      | bobarctor the Demonspawn Necromancer began the quest for
                  | the Orb.
     0 | D:1      | Reached XP level 1. HP: 13/13 MP: 3/3
   245 | D:1      | Gained mutation: When seriously injured, your blood forms
                  | armour. (AC +6) [demonic ancestry]
   245 | D:1      | Reached XP level 2. HP: 19/19 MP: 0/5
   875 | D:1      | Reached XP level 3. HP: 24/24 MP: 1/7
  1385 | D:2      | Learned a level 3 spell: Vampiric Draining
  1772 | D:2      | Reached skill level 5 in Necromancy
  1999 | D:2      | Reached XP level 4. HP: 30/30 MP: 2/9
  2268 | D:2      | Found a faded altar of an unknown god.
  2386 | D:3      | Noticed Ijyb
  2514 | D:3      | Killed Ijyb
  2707 | D:3      | Found an ancient bone altar of Kikubaaqudgha.
  2709 | D:3      | Found a blossoming altar of Fedhas.
  2716 | D:3      | Became a worshipper of Kikubaaqudgha
  2720 | D:3      | Found a runed translucent gate.
  2721 | D:3      | Found a runed translucent gate.
  2722 | D:3      | Found a runed translucent gate.
  2723 | D:3      | Noticed Pimp's ghost (amateur OpFE)
  2966 | D:3      | Noticed Natasha
  2978 | D:3      | Killed Natasha
  2979 | D:3      | Reached XP level 5. HP: 35/35 MP: 5/11
  3756 | D:4      | Found Wiecw's Armour Emporium.
  3764 | D:4      | Bought a +0 leather armour of poison resistance for 66 gold
                  | pieces
  3780 | D:4      | Learned a level 5 spell: Agony
  4463 | D:4      | Reached XP level 6. HP: 30/41 MP: 5/13
  4959 | D:5      | Entered Level 5 of the Dungeon
  4999 | D:5      | Reached skill level 5 in Spellcasting
  5062 | D:5      | Found a staircase to the Ecumenical Temple.
  5086 | Temple   | Entered the Ecumenical Temple
  5169 | D:5      | Noticed an ice beast
  5246 | D:5      | Killed an ice beast
  5378 | D:5      | Noticed a hornet
  5388 | D:5      | Killed a hornet
  5389 | D:5      | Reached XP level 7. HP: 44/46 MP: 7/16
  5397 | D:5      | Reached * piety under Kikubaaqudgha
  5397 | D:5      | Received a gift from Kikubaaqudgha
  5400 | D:5      | Learned a level 1 spell: Kiss of Death
  5405 | D:5      | Learned a level 4 spell: Animate Dead
  5776 | D:5      | Reached XP level 8. HP: 49/50 MP: 10/18
  6007 | D:5      | Learned a level 2 spell: Lesser Beckoning
  6062 | D:5      | Found a burning altar of Makhleb.
  7104 | D:6      | Killed from afar by an orc priest

Illustrated notes

Levels and vault maps discovered:
D:1:      scummos_arrival_star, layout_basic
D:2:      layout_loops_ring, dreamdust_ecumenical_altar_hidden_monk_grotto
D:3:      layout_rooms, grunt_temple_overflow_growth_and_decay,
          ebering_ghost_rock_garden, serial_co_window_serial,
          co_window_of_opportunity_a, co_window_paths_a, co_window_corner_a,
          co_window_paths_a, co_window_of_opportunity_a, co_window_paths_b,
          co_window_paths_a, co_window_broadway_a, co_window_of_opportunity_b,
          co_window_broadway_c, co_window_corner_b, co_window_of_opportunity_c,
          glass_columns_a, glass_columns_a, glass_columns_c, glass_columns_c,
          grunt_ministairs_11, amcnicky_mini_rare_corridor_liquid, uniq_natasha,
          uniq_ijyb
D:4:      layout_cave_pods, serial_shops, shop
D:5:      minmay_razor_zed, layout_rooms, mainiacjoe_overflow_alcove_4,
          minmay_temple_entry_antechambers
D:6:      layout_basic, lemuel_doored_altar, nicolae_hexahallways
Temple:   nicolae_temple_superstar

Skill      XL: |  1  2  3  4  5  6  7  8 |
---------------+-------------------------+-----
Spellcasting   | 3 4 6 7 |  7.9
Necromancy     | 5 6 7 |  7.1
Stealth        | 2 |  2.5
Dodging        | 2 |  2.2
Shields        | |  0.7
Translocations | |  0.9

Action                     |  1- 3 |  4- 6 |  7- 9 || total
---------------------------+-------+-------+-------++-------
  Melee: Unarmed           |    16 |       |       ||    16
         Short sword       |     7 |       |       ||     7
         Dagger            |    24 |    41 |    68 ||   133
         Punch             |     1 |       |       ||     1
   Cast: Necrotise         |    74 |   102 |    39 ||   215
         Vampiric Draining |       |    12 |     9 ||    21
         Kiss of Death     |       |       |     1 ||     1
   Stab: Sleeping          |       |     1 |       ||     1
 Armour: Robe              |    12 |     8 |       ||    20
         Leather armour    |       |    17 |    38 ||    55
  Dodge: Dodged            |    36 |    37 |    47 ||   120
  Block: Other             |     5 |    15 |    11 ||    31
         Reflection        |     1 |       |     1 ||     2

Table legend: (Time is in decaauts)
 A = Elapsed time spent in this place.
 B = Non-inter-level travel time spent in this place.
 C = Inter-level travel time spent in this place.
 D = Time resting spent in this place.
 E = Time spent auto-exploring this place.
 F = Levels seen in this place.
 G = Mean time per level.
                   A        B        C        D        E       F      G
               +--------+--------+--------+--------+--------+-----+--------+
         Total |   7104 |   6801 |    303 |   1145 |   4537 |   7 | 1014.9 |
       Dungeon |   7092 |   6789 |    303 |   1145 |   4537 |   6 | 1182.0 |
        Temple |     11 |     11 |      0 |      0 |      0 |   1 |   11.0 |
               +--------+--------+--------+--------+--------+-----+--------+

Top non-repeatable levels by time:
     D:3: 1416 daAuts
     D:5: 1388 daAuts
     D:1: 1357 daAuts
     D:2: 1124 daAuts
     D:4: 1062 daAuts
     D:6: 744 daAuts
  Temple: 11 daAuts
